 Dungeon Crawl Stone Soup version 0.26.0-16-gc1dbca0489 (webtiles) character file.

Game seed: 4517965964857941897

149 thiole the Sneak (level 5, -4/31 HPs)
             Began as an Octopode Hedge Wizard on Jan 22, 2021.
             Slain by a centaur (5 damage)
             ... on level 3 of the Dungeon.
             The game lasted 00:02:42 (3129 turns).

thiole the Sneak (Octopode Hedge Wizard)            Turns: 3129, Time: 00:02:42

Health: -4/31      AC:  5    Str:  9    XL:     5   Next: 31%
Magic:  8/11       EV: 13    Int: 18    God:
Gold:   139        SH:  0    Dex: 11    Spells: 4/12 levels left

rFire    . . .     SeeInvis .   a - +0 dagger
rCold    . . .     Faith    .   (no shield)
rNeg     . . .     Spirit   .   b - +0 hat
rPois    +         Reflect  .   (no amulet)
rElec    .         Harm     .   f - ring of poison resistance
rCorr    .         Rampage  .   m - +4 ring of protection
Will     .....                  k - ring of stealth
Stlth    +++++.....             (no ring)
HPRegen  0.10/turn              (no ring)
MPRegen  0.12/turn              (no ring)
                                (no ring)
                                (no ring)

@: no status effects
A: almost no armour, stealthy swim, amphibious, 8 rings, constrict 8, camouflage
1, gelatinous body 1
a: no special abilities


You were on level 3 of the Dungeon.
You visited 1 branch of the dungeon, and saw 3 of its levels.

You collected 139 gold pieces.

Inventory:

Hand Weapons
 a - a +0 dagger (weapon)
Armour
 b - a +0 hat (worn)
Jewellery
 f - a ring of poison resistance (left tentacle)
 k - a ring of stealth (on tentacle)
 m - a +4 ring of protection (right tentacle)
Scrolls
 g - 2 scrolls of remove curse {unknown}
 i - a scroll of amnesia {unknown}
 j - 2 scrolls of magic mapping {unknown}
Potions
 c - a potion of flight {unknown}
 e - a potion of might {unknown}
 h - a potion of heal wounds {unknown}
 l - a potion of curing {unknown}


   Skills:
 - Level 2.0 Dodging
 + Level 5.1 Stealth
 + Level 4.0 Spellcasting
 - Level 2.0 Conjurations
 - Level 2.0 Summonings
 - Level 1.0 Translocations


You had 4 spell levels left.
You knew the following spells:

 Your Spells              Type           Power        Failure   Level
a - Magic Dart            Conj           40%          6%          1
b - Call Imp              Summ           10%          10%         2
c - Slow                  Hex            3%           22%         2
d - Mephitic Cloud        Conj/Pois/Air  6%           32%         3

Your spell library contained the following spells:

 Spells                   Type           Power        Failure   Level
 Blink                    Tloc           N/A          14%         2
 Conjure Flame            Conj/Fire      7%           28%         3


Dungeon Overview and Level Annotations

Branches:
Dungeon (3/15)

Altars:
Fedhas


Innate Abilities, Weirdness & Mutations

You cannot wear most types of armour.
You are very stealthy in the water. (Stealth+)
You are amphibious.
You can wear up to eight rings at the same time.
You can use your tentacles to constrict eight enemies at once.
Your skin changes colour to match your surroundings (Stealth+).
Your rubbery body absorbs attacks. (AC +1, EV +1)


Message History

You swap places.
The centaur unwields a +0 shortbow.
The centaur misses you.
You see here 4 arrows.
You closely miss the centaur.
The centaur is moderately wounded.
The centaur hits you.
* * * LOW HITPOINT WARNING * * *
You hit the centaur but do no damage.
The centaur is moderately wounded.
The centaur barely misses you. The centaur hits you.
* * * LOW HITPOINT WARNING * * *
Your magical contamination has completely faded away.
You hit the centaur but do no damage.
The centaur is moderately wounded.
The centaur hits you but does no damage.
You hit the centaur but do no damage. You squeeze the centaur!
The centaur is severely wounded.
The centaur hits you.
* * * LOW HITPOINT WARNING * * *
The centaur hits you.
You die...

#.#.........#..
#.#.##.#########
#.#.##.# #.
#.#.##.# .##
#.#.##.# ..#
#.#.##.# #.# #
#.#....# #.#
.#..#.###########c#
...............5@.#
....#.#############
###.#.# # #.# ..#
###


You could see a centaur and a friendly iron imp (summoned).

Vanquished Creatures
  A bullfrog (D:3)
  6 adders (D:2)
  A dart slug (D:1)
  A leopard gecko (D:1)
  A giant cockroach (D:1)
  4 goblins
  3 hobgoblins
  A ball python (D:2)
  5 bats
  3 frilled lizards
  4 kobolds
  8 rats
38 creatures vanquished.

Notes
Turn   | Place    | Note
-------+----------+-------------------------------------------
     0 | D:1      | thiole the Octopode Hedge Wizard began the quest for the
                  | Orb.
     0 | D:1      | Reached XP level 1. HP: 11/11 MP: 4/4
   244 | D:1      | Reached XP level 2. HP: 17/17 MP: 1/6
   956 | D:1      | Reached skill level 3 in Stealth
  1472 | D:2      | Reached XP level 3. HP: 21/21 MP: 1/7
  1899 | D:2      | Reached XP level 4. HP: 17/27 MP: 7/9
  2014 | D:2      | Reached skill level 4 in Stealth
  2668 | D:2      | Found a blossoming altar of Fedhas.
  2817 | D:3      | Learned a level 2 spell: Call Imp
  2820 | D:3      | Learned a level 2 spell: Slow
  2824 | D:3      | Learned a level 3 spell: Mephitic Cloud
  2886 | D:3      | Noticed a bullfrog
  2892 | D:3      | Killed a bullfrog
  2893 | D:3      | Reached skill level 5 in Stealth
  2893 | D:3      | Reached XP level 5. HP: 10/31 MP: 8/11
  3118 | D:3      | Noticed a centaur
  3129 | D:3      | HP: 1/31 [centaur (3)]
  3129 | D:3      | Slain by a centaur

Illustrated notes

Levels and vault maps discovered:
D:1:      onia_arrival_mini_maze_b, layout_loops_ring, roderic_serpentine_path,
          minivault_25
D:2:      layout_loops_corners, fedhas_altar_3
D:3:      layout_basic

Skill      XL: |  1  2  3  4 |
---------------+-------------+-----
Stealth        | 3 5 |  5.1
Conjurations   | 2 |  2.0
Summonings     | 2 |  2.0
Spellcasting   | 4 |  4.0
Dodging        | |  2.0
Translocations | |  1.0

Action                   |  1- 3 |  4- 6 || total
-------------------------+-------+-------++-------
Melee: Dagger            |    27 |    20 ||    47
       Constrict         |     8 |     4 ||    12
       Tentacles         |     2 |     4 ||     6
 Cast: Magic Dart        |    52 |    29 ||    81
       Call Imp          |       |     1 ||     1
  Use: Scroll            |       |     2 ||     2
Armor: Skin              |       |     3 ||     3
Dodge: Dodged            |    18 |    14 ||    32
